AoeStats
← Irving Legend

Arena

508546778Analyzed
1v1 RM · 11d ago on Sep 23, 2026· 46m 18s· 2 players
Game mode
Random Map
Map size
Tiny (2 player)
Population
200
Speed
Normal
Resources
Standard
Victory
Conquest
Starting age
Dark Age
Ending age
Imperial Age
RankedLock teamsTeams togetherTeam positionsShared explorationLock speedFull tech treeHidden civsTurbo modeCheats
Victory
Defeat
🇨🇦 Burgundians · Canada
1193
+18
🇲🇽 Slavs · Mexico
1242
-18
Irving Legend
7:11 Double-Bit Axe
7:07 Horse Collar
11:09 Feudal Age
16:10 Castle Age
15:12 Bow Saw
23:46 Heavy Plow
23:34 Loom
24:31 Wheelbarrow
24:39 Town Watch
25:32 Gold Mining
27:15 Hand Cart
29:46 Imperial Age
28:09 Squires
27:30 Pikeman
28:24 Gold Mining
28:26 Stone Mining
30:40 Two-Man Saw
31:31 Chemistry
30:43 Masonry
30:31 Halberdier
32:23 Conscription
32:34 Scale Mail Armor
33:36 Crop Rotation
34:37 Gold Shaft Mining
36:06 Chain Mail Armor
35:53 Padded Archer Armor
36:36 Arson
38:38 Plate Mail Armor
38:23 Leather Archer Armor
39:48 Burgundian Vineyards
41:13 Scale Barding Armor
40:32 Light Cavalry
41:13 Husbandry
40:52 Onager
41:48 Hussar
46:44 Hoardings
lalan_cab
11:17 Feudal Age
13:12 Double-Bit Axe
13:09 Horse Collar
16:08 Castle Age
14:28 Forging
16:05 Scale Barding Armor
17:03 Scale Mail Armor
24:24 Wheelbarrow
23:34 Loom
25:03 Bow Saw
29:34 Imperial Age
27:26 Fletching
29:01 Ballistics
29:28 Bodkin Arrow
32:29 Two-Man Saw
33:33 Pikeman
35:16 Chain Mail Armor
35:23 Squires
35:30 Heavy Plow
35:22 Halberdier
36:58 Hand Cart
37:19 Crop Rotation
36:21 Capped Ram
37:02 Town Watch
36:54 Elite Skirmisher
38:15 Padded Archer Armor
37:51 Siege Ram
39:57 Druzhina
41:35 Chemistry
41:51 Onager
44:39 Conscription
Connection lost

Rejoining the realm…

Still unreachable

The connection could not be restored.

Session expired

The server has moved on; the page needs a fresh start.